Map: Tokamak LE

Players

Csky - Winner!

  • Race: Zerg Zerg
  • League: Master
  • Spawn Location: 7:00

Sindyr

  • Race: Zerg Zerg
  • League: Master
  • Spawn Location: 1:00

VOD

Have the link to the VOD?

Description

Time

  • Played on: Sept. 19, 2025, 10:11 a.m.
  • Length: 4:17
Show
View Real Time Build Order
Export as new Build Order

Csky Zerg - Winner!

Build Orders: Hatch First 

Get SALT Encoding   

  12  0:00  Drone  
  13  0:08  Drone  
  14  0:17  Overlord  
  14  0:35  Drone x2  
  14  0:36  Drone  
  17  0:48  Drone  
  18  0:56  Hatchery  
  17  0:59  Extractor  
  17  1:02  Drone  
  17  1:09  Drone  
  18  1:17  Spawning Pool  
  17  1:19  Drone  
  18  1:32  Drone  
  19  1:40  Overlord  
  19  2:03  Metabolic Boost  
  19  2:05  Queen, Zergling x2  
  19  2:06  Zergling x2  
  19  2:08  Queen  
  25  2:09  Zergling x2  
  26  2:16  Drone  
  27  2:25  Drone x2  
  29  2:35  Drone x2  
  31  2:43  Zergling x2  
  32  2:51  Zergling x2  
  33  2:53  Pneumatized Carapace  
  33  2:54  Zergling x2  
  33  2:56  Overlord  
  34  3:02  Zergling x2  
  34  3:14  Zergling x4  
  34  3:18  Zergling x12  
  41  3:21  Zergling x2  
  41  3:30  Zergling x2  
  42  3:37  Zergling x2  
Show
View Real Time Build Order
Export as new Build Order

Sindyr Zerg 

Build Orders: Hatch First 

Get SALT Encoding   

  12  0:02  Drone  
  13  0:15  Overlord  
  13  0:25  Drone  
  14  0:33  Drone x2  
  16  0:37  Drone  
  17  0:57  Hatchery  
  17  1:02  Drone x2  
  18  1:05  Extractor  
  17  1:15  Spawning Pool  
  16  1:19  Drone  
  16  1:22  Drone  
  18  1:31  Drone  
  19  1:44  Overlord  
  19  2:03  Queen  
  21  2:09  Queen  
  23  2:17  Baneling Nest  
  22  2:30  Metabolic Boost  
  22  2:35  Drone x6  
  28  2:45  Queen  
  30  2:59  Drone x4  
  34  3:07  Lair  
  34  3:14  Zergling x2  
  34  3:15  Zergling x6  
  34  3:18  Zergling x2  
  31  3:32  Spine Crawler  
  30  3:38  Spine Crawler  
  29  3:47  Baneling x4  
  29  3:48  Zergling x8  
  30  3:57  Zergling x2  
  30  3:58  Zergling x2  
Tags
 
Matchup
ZvZ
Race
Zerg
Replay Pack
Multiplayer
Spawn Locations
Cross Positions
Add a new tag
Caveats
  • Supply blocks, unpowered buildings, or Contaminate may cause inaccurate times.
  • Supply counts are checked every 10 seconds.